 Dungeon Crawl Stone Soup version 0.29.1-2-gbd0b4ee654 (webtiles) character file.

Game seed: 17323960702728004662

442 Maxirius the Gusty (level 6, -5/47 HPs)
             Began as a Draconian Air Elementalist on Oct 29, 2022.
             Was a Follower of Qazlal.
             Slain by a harpy skeleton (9 damage)
             ... on level 1 of the Abyss.
             The game lasted 00:58:37 (3823 turns).

Maxirius the Gusty (Draconian Air Elementalist)     Turns: 3823, Time: 00:58:38

Health: -5/47      AC:  6    Str: 10    XL:     6   Next: 71%
Magic:  1/11       EV: 12    Int: 17    God:    Qazlal [*.....]
Gold:   169        SH:  1    Dex: 12    Spells: 2/12 levels left

rFire   . . .      SeeInvis .   s - +0 dagger
rCold   . . .      Faith    .   (no shield)
rNeg    . . .      Spirit   .   (body armour unavailable)
rPois   .          Reflect  .   (helmet restricted)
rElec   .          Harm     .   (no cloak)
rCorr   .          Rampage  .   (no gloves)
Will    .....                   (no boots)
Stlth   ++........              (no amulet)
HPRegen 0.15/turn               z - ring of wizardry
MPRegen 0.12/turn               (no ring)

@: swift, very quick
A: AC +6, unfitting armour, cold-blooded
a: Renounce Religion


You were on level 1 of the Abyss.
You worshipped Qazlal.
Qazlal was aware of your devotion.
You visited 1 branch of the dungeon, and saw 4 of its levels.
You visited the Abyss 1 time.
You also visited: Ossuary.

You collected 169 gold pieces.

Inventory:

Hand Weapons
 f - a +0 hand axe
 i - a +0 club
 j - a +0 dagger
 k - a +0 club
 q - a +0 falchion
 r - a +0 dagger
 s - a +0 dagger (weapon)
 t - a +0 rapier
 u - a +0 whip
 v - a +0 dagger
 x - a +0 quarterstaff
 y - a +0 dagger
Jewellery
 z - a ring of wizardry (left hand)
 B - a ring of protection from fire
Wands
 D - a wand of charming (8)
 E - a wand of digging (6)
Scrolls
 c - 2 scrolls of amnesia
 d - 3 scrolls of teleportation
 e - 2 scrolls of magic mapping
 l - a scroll of fear {unknown}
 m - a scroll of silence {unknown}
 n - a scroll of enchant armour {unknown}
 o - 2 scrolls of poison
Potions
 a - a potion of magic
 b - a potion of brilliance {unknown}
 g - a potion of haste
 h - a potion of might
 w - a potion of flight {unknown}
 A - a potion of heal wounds {unknown}


   Skills:
 + Level 1.4 Fighting
 + Level 1.4 Short Blades
 + Level 2.4 Dodging
 + Level 2.2 Stealth
 + Level 3.9 Spellcasting
 + Level 2.7 Conjurations
 + Level 5.0 Air Magic


You had 2 spell levels left.
You knew the following spells:

 Your Spells              Type           Power      Damage    Failure   Level
a - Shock                 Conj/Air       64%        1d7       1%          1
b - Static Discharge      Conj/Air       16%        3-5/arc   1%          2
c - Airstrike             Air            10%        2d(2-18)  9%          4
d - Swiftness             Air            20%        N/A       2%          3

Your spell library contained the following spells:

 Spells                   Type           Power      Damage    Failure   Level


Dungeon Overview and Level Annotations

Branches:
Dungeon (4/15)            Ossuary (visited)
 Temple: D:4-7

Altars:
Qazlal
Lugonu

Shops:
D:1 (

Annotations:
D:2 Sigmund


Innate Abilities, Weirdness & Mutations

Your plain brown scales are hard. (AC +6)
You cannot fit into any form of body armour.
You are cold-blooded and may be slowed by cold attacks.


Message History

Aim: an orange demon (empty space bonus: 4/8)
The air twists around and strikes the orange demon!
The orange demon is moderately wounded.
A harpy skeleton comes into view.
Casting: Airstrike (dangerous; 9% risk of failure)
Confirm with . or Enter, or press ? or * to list all spells.
Aiming: Airstrike (dangerous; 9% risk of failure)
Press: ? - help, Dir - move target, f/p - orange demon
Aim: an orange demon (moderately wounded, empty space bonus: 3/8)
The air twists around and strikes the orange demon!
The orange demon is heavily wounded.
Casting: Airstrike (dangerous; 9% risk of failure)
Confirm with . or Enter, or press ? or * to list all spells.
You don't have enough magic to cast this spell.
Casting: Airstrike (dangerous; 9% risk of failure)
Confirm with . or Enter, or press ? or * to list all spells.
You don't have enough magic to cast this spell.
The harpy skeleton attacks as you move away!
The harpy skeleton claws you. x2
Found three shimmering altars of Xom and a corrupted altar of Lugonu.
The harpy skeleton claws you! The harpy skeleton claws you.
The harpy skeleton misses you.
The harpy skeleton claws you but does no damage.
Casting: Airstrike (dangerous; 9% risk of failure)
Confirm with . or Enter, or press ? or * to list all spells.
You feel quick.
The harpy skeleton closely misses you. x2
The harpy skeleton misses you. The harpy skeleton claws you!
The harpy skeleton closely misses you. The harpy skeleton claws you.
* * * LOW HITPOINT WARNING * * *
The orange demon stings you from afar!
* * * LOW HITPOINT WARNING * * *
You are lethally poisoned!
The orange demon poisons you!
You feel better. The harpy skeleton closely misses you.
The harpy skeleton claws you but does no damage.
The harpy skeleton claws you!
* * * LOW HITPOINT WARNING * * *
The harpy skeleton closely misses you. The orange demon barely misses you.
The harpy skeleton claws you!
You die...

# ..#.#.#
###.## #.
..#..#..#.## ..
#....##...#
#.#....#.#.## #
#..#...#.# .#
.#
#...##4.#.###..
#....#.##...
#.# ##.#Z#.# #
..#.@°.# ..
.#..#.#
.._#...##.## _.
..#. #.. ..._
## #.. _._ .# .
. #


You could see an orange demon and a harpy skeleton.

Vanquished Creatures
  3 water moccasin zombies (Ossuary)
  A hound (D:4)
  Terence (D:2)
  Natasha (thrice) (D:2)
  3 adders
  6 adder zombies (Ossuary)
  4 worms
  3 dart slugs (D:1)
  10 orcs (D:3)
  6 ball pythons
  2 bats (D:1)
  5 endoplasms
  4 goblins
  6 hobgoblins
  3 quokkas
  4 frilled lizards
  6 hobgoblin zombies (Ossuary)
  A kobold (D:1)
  8 kobold zombies (Ossuary)
  4 orc zombies (Ossuary)
  6 rats
89 creatures vanquished.

Notes
Turn   | Place    | Note
-------+----------+-------------------------------------------
     0 | D:1      | Maxirius the Draconian Air Elementalist began the quest for
                  | the Orb.
     0 | D:1      | Reached XP level 1. HP: 14/14 MP: 3/3
    40 | D:1      | Found a faded altar of an unknown god.
    62 | D:1      | Prayed at the altar of an unknown god.
    62 | D:1      | Became a worshipper of Lugonu the Unformed
    62 | D:1      | Reached * piety under Lugonu
    62 | D:1      | Reached ** piety under Lugonu
    72 | D:1      | Found Odorhil's Weapon Emporium.
   248 | D:1      | Reached XP level 2. HP: 12/20 MP: 1/5
   303 | D:1      | Learned a level 2 spell: Static Discharge
   827 | D:2      | Reached XP level 3. HP: 26/26 MP: 1/6
   894 | D:2      | Noticed Natasha
   950 | D:2      | Noticed Sigmund
   952 | D:2      | Killed Natasha
  1013 | D:2      | Noticed Natasha
  1024 | D:2      | Killed Natasha
  1025 | D:2      | Reached skill level 4 in Air Magic
  1025 | D:2      | Reached XP level 4. HP: 12/33 MP: 0/8
  1091 | D:2      | Learned a level 4 spell: Airstrike
  1117 | D:2      | Noticed Natasha
  1253 | D:2      | Killed Natasha
  1436 | D:2      | Noticed Terence
  1490 | D:2      | Killed Terence
  1491 | D:2      | Reached XP level 5. HP: 26/39 MP: 1/9
  1840 | D:3      | Learned a level 3 spell: Swiftness
  1932 | D:3      | Reached *** piety under Lugonu
  2924 | D:2      | Found a stormy altar of Qazlal.
  2964 | D:2      | Fell from the grace of Lugonu
  2964 | D:2      | Became a worshipper of Qazlal Stormbringer
  3205 | D:4      | Found a sand-covered staircase.
  3213 | Ossuary  | Entered an ossuary
  3364 | Ossuary  | Reached XP level 6. HP: 36/46 MP: 6/11
  3408 | Ossuary  | Reached skill level 1 in Fighting
  3603 | Ossuary  | Reached skill level 1 in Short Blades
  3622 | Ossuary  | Reached * piety under Qazlal
  3630 | Ossuary  | Reached skill level 5 in Air Magic
  3785 | Ossuary  | Noticed a large abomination
  3785 | Abyss:1  | Cast into level 1 of the Abyss (Lugonu's touch)
  3812 | Abyss:1  | Found a shimmering altar of Xom.
  3814 | Abyss:1  | Noticed an orange demon
  3819 | Abyss:1  | Found a shimmering altar of Xom.
  3819 | Abyss:1  | Found a shimmering altar of Xom.
  3819 | Abyss:1  | Found a shimmering altar of Xom.
  3819 | Abyss:1  | Found a corrupted altar of Lugonu.
  3823 | Abyss:1  | Slain by a harpy skeleton

Illustrated notes

Levels and vault maps discovered:
D:1:      kennysheep_arrival_forest, layout_basic,
          ebering_ecumenical_altar_sacrificial, serial_shops,
          nicolae_shop_bloodbath_and_beyond
D:2:      layout_basic, basic_altar, chequers_serial_rivers_room_b,
          skrybe_limestone_x, uniq_sigmund, uniq_natasha, uniq_terence
D:3:      layout_rooms, kennysheep_generic_room_4
D:4:      layout_basic, serial_shops, shop, enter_ossuary_2
Abyss:1:  base: Ossuary, bh_abyss_xom_lugonu_altar
Ossuary:  ossuary_tomb_2

Skill      XL: |  1  2  3  4  5  6 |
---------------+-------------------+-----
Dodging        | 2 |  2.4
Air Magic      | 4 5 |  5.0
Spellcasting   | 3 |  3.9
Conjurations   | 2 |  2.7
Stealth        | 2 |  2.2
Fighting       | 1 |  1.4
Short Blades   | 1 |  1.4

Action                   |  1- 3 |  4- 6 || total
-------------------------+-------+-------++-------
Melee: Unarmed           |     7 |       ||     7
       Tailslap          |     1 |    30 ||    31
       Dagger            |    20 |   120 ||   140
       Hand axe          |     6 |       ||     6
       Punch             |       |     2 ||     2
 Cast: Shock             |    33 |    66 ||    99
       Static Discharge  |     8 |    27 ||    35
       Airstrike         |       |     9 ||     9
       Swiftness         |       |     2 ||     2
  Use: Scroll            |     1 |     3 ||     4
       Potion            |     1 |     3 ||     4
Armor: Skin              |    12 |    51 ||    63
Dodge: Dodged            |    21 |    92 ||   113
Block: Other             |       |     1 ||     1
